 Dungeon Crawl Stone Soup version 0.22-a0-388-g09e6169 (webtiles) character file.

700 Slump the Cutter (level 7, -1/84 HPs)
             Began as a Human Berserker on Apr 29, 2018.
             Was a Follower of Trog.
             Slain by a killer bee zombie (5 damage)
             ... on level 8 of the Dungeon.
             The game lasted 00:32:06 (2212 turns).

Slump the Cutter (Human Berserker)                  Turns: 2212, Time: 00:32:06

Health: -1/84      AC:  5    Str: 22 (25) XL:     7   Next: 98%
Magic:  7/7        EV: 13    Int:  4 (7)  God:    Trog [*.....]
Gold:   89         SH:  0    Dex: 10 (12) Spells: 6/6 levels left

rFire    x . .     SeeInvis .   m - +3 short sword (freeze)
rCold    + . .     Gourm    .   (no shield)
rNeg     . . .     Faith    .   l - +0 ring mail
rPois    .         Spirit   .   (no helmet)
rElec    .         Reflect  .   (no cloak)
rCorr    .         Harm     .   (no gloves)
MR       .....                  (no boots)
Stlth    ..........             (no amulet)
HPRegen  0.24/turn              d - ring of ice
MPRegen  0.10/turn              o - +1 ring of evasion

@: berserking, very quick
A: no striking features
a: Berserk, Renounce Religion


You were on level 8 of the Dungeon.
You worshipped Trog.
Trog was aware of your devotion.
You were hungry.

You visited 1 branch of the dungeon, and saw 9 of its levels.

You collected 89 gold pieces.

Inventory:

Hand Weapons
 a - a +0 short sword
 e - a +0 hand axe
 m - a +3 short sword of freezing (weapon)
 r - a +2 whip of flaming
Missiles
 h - 88 stones (quivered)
 n - 20 poisoned needles
Armour
 b - a +0 animal skin
 i - a +0 leather armour
 l - a +0 ring mail (worn)
Jewellery
 d - a ring of ice (left hand)
 o - a +1 ring of evasion (right hand)
Scrolls
 f - a scroll of amnesia
 j - a scroll of enchant weapon
 k - a scroll of random uselessness
Comestibles
 c - 3 rations


   Skills:
 + Level 5.3 Fighting
 + Level 5.8 Short Blades
 + Level 3.9 Armour
 + Level 3.4 Dodging
 + Level 0.4 Stealth


You had 6 spell levels left.
You didn't know any spells.

Dungeon Overview and Level Annotations

Branches:
Dungeon (9/15)
 Temple: D:4-7         Lair: D:8-11         Orc: D:9-12

Altars:

Shops:
D:7 }

Annotations:
D:6 Eustachio, Menkaure


Message History

The black bear barely misses you.
An orc wizard comes into view. It is wielding a dagger.
As you read the scroll labeled NIUNEPA WICW, it crumbles to dust.
You feel blessed for a moment.
It was a scroll of remove curse.
The black bear barely misses you. The black bear claws you.
* * * LOW HITPOINT WARNING * * *
The black bear misses you.
The phantom hits you but does no damage.
The phantom closely misses you. The black bear misses you.
The black bear claws you but does no damage.
The black bear closely misses you.
You climb upwards.
The killer bee zombie barely misses you. x2
The killer bee zombie hits you but does no damage.
There is a stone staircase leading down here.
A red film seems to cover your vision as you go berserk!
You feel yourself moving faster!
You feel mighty!
You are feeling hungry.
The killer bee zombie hits you.
You die...

#..........(
##..........
##.........
#########
##...#...##
#.........## #
.......(.$.##...
...............#
..(.....@h.#####
#......WZ.##
##...#...##
#########


You could see a phantom, a black bear and a killer bee zombie.

Vanquished Creatures
  Pikel (D:7)
  A hungry ghost (D:7)
  A necrophage (D:3)
  A bullfrog (D:5)
  A jelly (D:5)
  6 adders
  An adder skeleton (D:4)
  2 worms
  A leopard gecko (D:3)
  4 hobgoblins
  4 kobolds
  3 quokkas (D:3)
  8 bats
  4 frilled lizards
  A jackal zombie (D:5)
  A leopard gecko zombie (D:5)
  6 rats
46 creatures vanquished.

Vanquished Creatures (others)
  A crimson imp (D:7)
  A ball python (D:7)
2 creatures vanquished.

Grand Total: 48 creatures vanquished

Notes
Turn   | Place    | Note
-------+----------+-------------------------------------------
     0 | D:1      | Slump the Human Berserker began the quest for the Orb.
     0 | D:1      | Reached XP level 1. HP: 18/18 MP: 1/1
   284 | D:2      | Reached XP level 2. HP: 23/24 MP: 2/2
   318 | D:2      | Noticed a necrophage
   335 | D:3      | Killed a necrophage
   335 | D:3      | Reached XP level 3. HP: 30/30 MP: 3/3
   335 | D:3      | Reached XP level 4. HP: 37/37 MP: 4/4
   343 | D:3      | Reached XP level 5. HP: 42/42 MP: 5/5
   961 | D:2      | Reached ** piety under Trog
  1310 | D:5      | Entered Level 5 of the Dungeon
  1696 | D:5      | Noticed a black bear
  1783 | D:6      | Noticed a centaur
  1805 | D:6      | Noticed a bullfrog
  1809 | D:6      | Reached XP level 6. HP: 41/49 MP: 6/6
  1810 | D:6      | Noticed Eustachio
  1826 | D:6      | Noticed Menkaure
  2004 | D:7      | Found Gasa's Gadget Boutique.
  2004 | D:7      | Noticed Pikel
  2004 | D:7      | Noticed a slave
  2004 | D:7      | Noticed a slave
  2004 | D:7      | Noticed a slave
  2004 | D:7      | Noticed a slave
  2004 | D:7      | Noticed a hungry ghost
  2012 | D:7      | Killed Pikel
  2012 | D:7      | Reached skill level 5 in Fighting
  2012 | D:7      | Reached skill level 5 in Short Blades
  2012 | D:7      | Reached XP level 7. HP: 46/56 MP: 7/7
  2027 | D:7      | Killed a hungry ghost
  2212 | D:8      | Slain by a killer bee zombie

Vault maps used:
D:1:      lemuel_arrival_room, minmay_cut_off
D:2:      uniq_crazy_yiuf_cottage, uniq_robin
D:3:      first_ration, uniq_natasha
D:4:      minmay_temple_entry_purple_smoke, uniq_grinder, uniq_blork_the_orc
D:5:      black_bear_nest_1, chequers_temple_overflow_minitemple,
          gammafunk_temple_overflow_forgotten, kennysheep_windowed_goal
D:6:      serial_shops, kennysheep_mini, portal_sewer_entry_b, uniq_menkaure,
          uniq_prince_ribbit1, uniq_eustachio
D:7:      serial_shops, shop, uniq_pikel
D:8:      david_lair_shrubbed, serial_shops, kennysheep_little_box
D:9:      uniq_joseph, uniq_maurice

Skill      XL: |  1  2  3  4  5  6 |
---------------+-------------------+-----
Short Blades   | 4 5 |  5.8
Fighting       | 4 5 |  5.3
Armour         | 3 |  3.9
Dodging        | 3 |  3.4
Stealth        | |  0.4

Action                   |  1- 3 |  4- 6 |  7- 9 || total
-------------------------+-------+-------+-------++-------
Melee: Short sword       |    27 |   113 |    23 ||   163
Throw: Stone             |       |     3 |       ||     3
Invok: Berserk           |     1 |     3 |     1 ||     5
       Trog's Hand       |       |     1 |     1 ||     2
  Use: Scroll            |       |     7 |     2 ||     9
       Potion            |       |       |     2 ||     2
  Eat: Ration            |       |     2 |     1 ||     3
Armor: Animal skin       |    13 |       |       ||    13
       Leather armour    |     6 |    33 |       ||    39
       Ring mail         |       |     2 |    15 ||    17
Dodge: Dodged            |    39 |    72 |    38 ||   149

Table legend:
 A = Spawn XP
 B = Non-spawn XP
 C = Spawn XP percentage of total XP
 D = Spawn monster count
 E = Non-spawn monster count
 F = Spawn count percentage of total count
 G = Total turns spent on level
                    A         B        C        D         E        F      G
               +---------+---------+-------+---------+---------+-------+---------
         Total |       0 |    1000 |   0.0 |       0 |      46 |   0.0 |  2212
               +---------+---------+-------+---------+---------+-------+---------
           D:1 |       0 |       4 |   0.0 |       0 |       4 |   0.0 |   194
           D:2 |       0 |      49 |   0.0 |       0 |      15 |   0.0 |   829
           D:3 |       0 |     152 |   0.0 |       0 |      14 |   0.0 |   256
           D:4 |       0 |       7 |   0.0 |       0 |       3 |   0.0 |    31
           D:5 |       0 |     140 |   0.0 |       0 |       4 |   0.0 |   440
           D:6 |       0 |      13 |   0.0 |       0 |       1 |   0.0 |   254
           D:7 |       0 |     622 |   0.0 |       0 |       4 |   0.0 |   185
           D:8 |       0 |      13 |   0.0 |       0 |       1 |   0.0 |    19
               +---------+---------+-------+---------+---------+-------+---------
